 Dungeon Crawl Stone Soup version 0.22-a0-587-g7d32d7c (webtiles) character file.

308 opiumtea the Magician (level 6, 0/44 HPs)
             Began as a Gnoll Wizard on July 4, 2018.
             Killed from afar by an orc wizard (7 damage)
             ... with a magic dart
             ... on level 4 of the Dungeon.
             The game lasted 00:17:07 (4270 turns).

opiumtea the Magician (Gnoll Wizard)                Turns: 4270, Time: 00:17:08

Health: 0/44       AC:  3    Str:  9      XL:     6   Next: 40%
Magic:  7/16       EV: 14    Int: 24      God:
Gold:   143        SH:  0    Dex: 13 (14) Spells: 8/19 levels left

rFire    + + .     SeeInvis +   l - +6 trident "Xusonir" {freeze, rF++ Int+2 SInv}
rCold    + . .     Gourm    .   (no shield)
rNeg     . . .     Faith    .   a - +0 robe
rPois    .         Spirit   .   b - +1 hat
rElec    .         Reflect  .   (no cloak)
rCorr    .         Harm     .   (no gloves)
MR       .....                  (no boots)
Stlth    +++.......             (no amulet)
HPRegen  0.14/turn              m - ring of protection from cold
MPRegen  0.15/turn              (no ring)

@: hasted, very quick
A: distributed training, fangs 1, strong nose
a: no special abilities


You were on level 4 of the Dungeon.
You were not hungry.

You visited 1 branch of the dungeon, and saw 4 of its levels.

You collected 143 gold pieces.

Inventory:

Hand Weapons
 e - a +0 dagger
 f - a +1 spear of venom
 i - a +0 spear
 l - the +6 trident "Xusonir" (weapon) {freeze, rF++ Int+2 SInv}
   (You found it on level 4 of the Dungeon)

   It has been specially enchanted to freeze those struck by it, causing extra
   injury to most foes and up to half again as much damage against particularly
   susceptible opponents.
   It can also slow down cold-blooded creatures.
   It affects your intelligence (+2).
   It greatly protects you from fire.
   It lets you see invisible.
 n - a +0 whip of pain
Armour
 a - a +0 robe (worn)
 b - a +1 hat (worn)
Magical Staves
 p - an uncursed staff of death
Jewellery
 m - a ring of protection from cold (left hand)
Scrolls
 c - a scroll of fog
Potions
 k - a potion of agility
 o - a potion of haste
Comestibles
 d - 6 rations


   Skills:
 + Level 1.9 Fighting
 + Level 1.9 Short Blades
 + Level 1.9 Long Blades
 + Level 1.9 Axes
 + Level 1.9 Maces & Flails
 + Level 1.9 Polearms
 + Level 1.9 Staves
 + Level 1.9 Slings
 + Level 1.9 Bows
 + Level 1.9 Crossbows
 + Level 1.9 Throwing
 + Level 1.9 Armour
 + Level 5.0 Dodging
 + Level 4.6 Stealth
 + Level 1.9 Shields
 + Level 1.9 Unarmed Combat
 + Level 7.4 Spellcasting
 + Level 2.6 Conjurations
 + Level 1.5 Hexes
 + Level 1.5 Charms
 + Level 2.6 Summonings
 + Level 1.5 Necromancy
 + Level 2.6 Translocations
 + Level 1.5 Transmutations
 + Level 1.5 Fire Magic
 + Level 1.5 Ice Magic
 + Level 1.5 Air Magic
 + Level 1.5 Earth Magic
 + Level 1.5 Poison Magic
 + Level 2.1 Invocations
 + Level 1.9 Evocations


You had 8 spell levels left.
You knew the following spells:

 Your Spells              Type           Power        Failure   Level  Hunger
a - Magic Dart            Conj           ###.         2%          1    None
b - Blink                 Tloc           N/A          3%          2    None
c - Call Imp              Summ           ###.....     3%          2    None
d - Conjure Flame         Conj/Fire      ###.....     9%          3    None
e - Mephitic Cloud        Conj/Pois/Air  ###.....     10%         3    None

Your spell library contained the following spells:

 Spells                   Type           Power        Failure   Level  Hunger
 Slow                     Hex            ###.....     5%          2    None


Dungeon Overview and Level Annotations

Branches:
Dungeon (4/15)
 Temple: D:4-7

Altars:
Okawaru


Innate Abilities, Weirdness & Mutations

Your experience applies equally to all skills.
You have very sharp teeth.
Your uncanny sense of smell can sniff out nearby items.


Message History

You hit the orc. You freeze the orc.
The orc is almost dead.
The orc closely misses you.
There is a stone staircase leading down here.
You feel yourself slow down.
An orc wizard comes into view. It is wielding a dagger.
You feel yourself speed up.
The orc wizard casts a spell.
The orc wizard seems to speed up.
Found a hunting sling.
You see here a hunting sling.
The orc wizard mumbles some strange words.
The orc wizard blinks!
The orc wizard points at you and mumbles some strange words.
The magic dart hits you!
* * * LOW HITPOINT WARNING * * *
Okay, then.
The orc wizard gestures at you while chanting.
The magic dart hits you!
You die...

.........o.o..#......,* #o###5#.#
#####.#....#..#......,* #.o......
......#..(....#,.....,* ###.#.##.
#####*#.##.#o##*#####** #.#.#*, #
#####.##.#.# #...#*, #
#........o.# ######### #..##*, #
#.#####..### #.......# #..###.
###.#####..######.#####.###......
.......##.......@.....o..)ยง.o####
###.##.##.#######.#####.######
*,#.#*,##)# #...,...# ,,...,,,..#
######### *,##.#,##.# ***,..,,.)#
,,,,...*#.# ***,.#.*#.#
***,,,,**,*


You could see an orc wizard.

Vanquished Creatures
  An ogre (D:4)
  An orc wizard (D:4)
  A worker ant (D:2)
  An iguana (D:3)
  3 adders
  2 oozes
  2 worms
  2 leopard geckos
  7 orcs
  7 bats
  A giant cockroach (D:1)
  7 hobgoblins
  3 jackals (D:2)
  A quokka (D:2)
  4 frilled lizards
  7 goblins
  8 kobolds
  A leopard gecko skeleton (D:4)
  9 rats
68 creatures vanquished.

Vanquished Creatures (collateral kills)
  3 gnolls (D:3)
  2 adders (D:2)
  A worm (D:2)
  3 orcs (D:3)
  A bat (D:2)
  A giant cockroach (D:3)
  2 goblins
  A hobgoblin (D:3)
  A quokka (D:2)
15 creatures vanquished.

Grand Total: 83 creatures vanquished

Notes
Turn   | Place    | Note
-------+----------+-------------------------------------------
     0 | D:1      | opiumtea the Gnoll Wizard began the quest for the Orb.
     0 | D:1      | Reached XP level 1. HP: 13/13 MP: 8/8
   328 | D:1      | Reached XP level 2. HP: 19/19 MP: 7/10
   893 | D:1      | Reached XP level 3. HP: 25/25 MP: 8/11
  1299 | D:2      | Learned a level 2 spell: Blink
  1302 | D:2      | Learned a level 2 spell: Call Imp
  1306 | D:2      | Learned a level 3 spell: Conjure Flame
  1310 | D:2      | Learned a level 3 spell: Mephitic Cloud
  1375 | D:2      | Reached skill level 1 in Invocations
  1600 | D:2      | Found an iron altar of Okawaru.
  1671 | D:2      | Reached skill level 1 in Fighting
  1671 | D:2      | Reached skill level 1 in Short Blades
  1671 | D:2      | Reached skill level 1 in Long Blades
  1671 | D:2      | Reached skill level 1 in Axes
  1671 | D:2      | Reached skill level 1 in Maces & Flails
  1671 | D:2      | Reached skill level 1 in Polearms
  1671 | D:2      | Reached skill level 1 in Staves
  1671 | D:2      | Reached skill level 1 in Slings
  1671 | D:2      | Reached skill level 1 in Bows
  1671 | D:2      | Reached skill level 1 in Crossbows
  1671 | D:2      | Reached skill level 1 in Throwing
  1671 | D:2      | Reached skill level 1 in Armour
  1671 | D:2      | Reached skill level 1 in Shields
  1671 | D:2      | Reached skill level 1 in Unarmed Combat
  1671 | D:2      | Reached skill level 1 in Evocations
  1671 | D:2      | Reached XP level 4. HP: 32/32 MP: 7/13
  2779 | D:2      | Reached skill level 1 in Hexes
  2779 | D:2      | Reached skill level 1 in Charms
  2779 | D:2      | Reached skill level 1 in Necromancy
  2779 | D:2      | Reached skill level 1 in Transmutations
  2779 | D:2      | Reached skill level 1 in Fire Magic
  2779 | D:2      | Reached skill level 1 in Ice Magic
  2779 | D:2      | Reached skill level 1 in Air Magic
  2779 | D:2      | Reached skill level 1 in Earth Magic
  2779 | D:2      | Reached skill level 1 in Poison Magic
  3131 | D:3      | Reached XP level 5. HP: 37/37 MP: 11/14
  3678 | D:4      | Noticed an ogre
  3689 | D:4      | Killed an ogre
  3689 | D:4      | Reached XP level 6. HP: 44/44 MP: 2/16
  4037 | D:4      | Got an iridescent trident
  4041 | D:4      | Identified the +6 trident "Xusonir" {freeze, rF++ Int+2 SInv} (You found it on level 4 of the Dungeon)
  4228 | D:4      | Reached skill level 5 in Dodging
  4270 | D:4      | Killed from afar by an orc wizard

Vault maps used:
D:1:      dpeg_arrival_circle_labyrinth_c
D:2:      okawaru_gym_becter
D:4:      first_ration, uniq_menkaure

Skill      XL: |  1  2  3  4  5  6 |
---------------+-------------------+-----
Conjurations   | 2 |  2.6
Summonings     | 2 |  2.6
Translocations | 2 |  2.6
Invocations    | 1 2 |  2.1
Fighting       | 1 |  1.9
Short Blades   | 1 |  1.9
Long Blades    | 1 |  1.9
Axes           | 1 |  1.9
Maces & Flails | 1 |  1.9
Polearms       | 1 |  1.9
Staves         | 1 |  1.9
Slings         | 1 |  1.9
Bows           | 1 |  1.9
Crossbows      | 1 |  1.9
Throwing       | 1 |  1.9
Armour         | 1 |  1.9
Shields        | 1 |  1.9
Unarmed Combat | 1 |  1.9
Evocations     | 1 |  1.9
Hexes          | 1 |  1.5
Charms         | 1 |  1.5
Necromancy     | 1 |  1.5
Transmutations | 1 |  1.5
Fire Magic     | 1 |  1.5
Ice Magic      | 1 |  1.5
Air Magic      | 1 |  1.5
Earth Magic    | 1 |  1.5
Poison Magic   | 1 |  1.5
Dodging        | 5 |  5.0
Stealth        | |  4.6
Spellcasting   | |  7.4

Action                   |  1- 3 |  4- 6 || total
-------------------------+-------+-------++-------
Melee: Staff             |       |     4 ||     4
       Whip              |       |     4 ||     4
       Spear             |       |     5 ||     5
       Trident           |       |     2 ||     2
 Cast: Magic Dart        |    76 |   121 ||   197
       Call Imp          |     2 |    15 ||    17
       Conjure Flame     |     1 |     3 ||     4
       Mephitic Cloud    |       |     1 ||     1
  Use: Scroll            |     3 |     6 ||     9
       Potion            |       |     5 ||     5
  Eat: Chunk             |     2 |     8 ||    10
Armor: Robe              |     8 |     6 ||    14
Dodge: Dodged            |    15 |    19 ||    34

Table legend:
 A = Spawn XP
 B = Non-spawn XP
 C = Spawn XP percentage of total XP
 D = Spawn monster count
 E = Non-spawn monster count
 F = Spawn count percentage of total count
 G = Total turns spent on level
                    A         B        C        D         E        F      G
               +---------+---------+-------+---------+---------+-------+---------
         Total |       0 |     441 |   0.0 |       0 |      83 |   0.0 |  4270
               +---------+---------+-------+---------+---------+-------+---------
           D:1 |       0 |      36 |   0.0 |       0 |      24 |   0.0 |  1482
           D:2 |       0 |     104 |   0.0 |       0 |      27 |   0.0 |  1516
           D:3 |       0 |     116 |   0.0 |       0 |      25 |   0.0 |   903
           D:4 |       0 |     185 |   0.0 |       0 |       7 |   0.0 |   369
               +---------+---------+-------+---------+---------+-------+---------
